TOP OF THE 1ST |
Portland Philospher Kings batting - Pitching for Madison Bombers : RHP Bartolo Romo
|
Pitching: RHP Bartolo Romo
|
|
Batting: RHB Dani Vázquez
|
0-0: Ball 1-0: Called Strike 1-1: Swinging Strike 1-2: Ball 2-2: Ball 3-2: Base on Balls
|
Batting: LHB Jeff Daniels
|
0-0: Called Strike 0-1: Swinging Strike 0-2: Ball 1-2: Ball 2-2: SINGLE (Line Drive, 6D) Dani Vázquez to second
|
Batting: SHB José Alomar
|
0-0: Ball 1-0: Ball 2-0: Called Strike 2-1: Called Strike 2-2: Foul Ball, location: 2F 2-2: Ball 3-2: Strikes out swinging
|
Batting: LHB Tom Blake
|
0-0: Ball 1-0: SINGLE (Groundball, 56D) Dani Vázquez to third Jeff Daniels to second Runner from 3rd tries for Home, throw and OUT! Jeff Daniels to third Tom Blake to second
|
Batting: LHB Paul Mullins
|
0-0: Ball 1-0: Ball 2-0: Called Strike 2-1: Ball 3-1: Ground out 1-3 (Groundball, 23)
|
Top of the 1st over - 0 run(s), 2 hit(s), 0 error(s), 2 left on base; Portland 0 - Madison 0 |
BOTTOM OF THE 1ST |
Madison Bombers batting - Pitching for Portland Philospher Kings : LHP Allan Bader
|
Pitching: LHP Allan Bader
|
|
Batting: LHB Keith Tillman
|
0-0: Ball 1-0: Ball Reached via error on a dropped throw, E3
|
Batting: SHB Derek Roach
|
0-0: Ball 1-0: Ball Keith Tillman steals 2nd base 2-0: Called Strike 2-1: Foul Ball, location: 2F 2-2: SINGLE (Line Drive, 8LS) Keith Tillman to third Runner from 3rd tries for Home, SAFE, no throw or cutoff
|
Batting: RHB Sergio Márquez
|
0-0: Ball 1-0: Foul Ball, location: 2F 1-1: Ball 2-1: Ball 3-1: Fly out, F5 (Line Drive, 5)
|
Batting: LHB Dave Williams
|
0-0: Ball 1-0: Swinging Strike 1-1: Ball 2-1: Fly out, F8 (Flyball, 78M)
|
Batting: SHB Michael McDonald
|
0-0: Called Strike 0-1: Called Strike 0-2: Strikes out swinging
|
Bottom of the 1st over - 1 run(s), 1 hit(s), 1 error(s), 1 left on base; Portland 0 - Madison 1 |
TOP OF THE 2ND |
Portland Philospher Kings batting - Pitching for Madison Bombers : RHP Bartolo Romo
|
Batting: RHB Aaron Scott
|
0-0: Ball 1-0: Ball 2-0: Hit by Pitch
|
Batting: LHB Bill Bertrand
|
0-0: Called Strike 0-1: Ball 1-1: Ball 2-1: Foul Ball, location: 2F 2-2: Strikes out swinging
|
Batting: RHB Germán Rosales
|
0-0: Foul Ball, location: 2F 0-1: Ball 1-1: Foul Ball, location: 2F 1-2: Ball 2-2: Grounds into double play, 6-4-3 (Groundball, 6)
|
Top of the 2nd over - 0 run(s), 0 hit(s), 0 error(s), 0 left on base; Portland 0 - Madison 1 |
BOTTOM OF THE 2ND |
Madison Bombers batting - Pitching for Portland Philospher Kings : LHP Allan Bader
|
Batting: LHB José Santos
|
0-0: Called Strike 0-1: Ball 1-1: Ground out 6-3 (Groundball, 6M)
|
Batting: LHB Avery Hopkins
|
0-0: Ball 1-0: Foul Ball, location: 2F 1-1: Foul Ball, location: 2F 1-2: Ball 2-2: Foul Ball, location: 2F 2-2: Ball 3-2: Strikes out swinging
|
Batting: RHB Bailey Ramsey
|
0-0: Called Strike 0-1: Called Strike 0-2: Foul Ball, location: 2F 0-2: Foul Ball, location: 2F 0-2: Strikes out swinging
|
Bottom of the 2nd over - 0 run(s), 0 hit(s), 0 error(s), 0 left on base; Portland 0 - Madison 1 |
TOP OF THE 3RD |
Portland Philospher Kings batting - Pitching for Madison Bombers : RHP Bartolo Romo
|
Batting: LHB Mike Young
|
0-0: SINGLE (Groundball, 3D)
|
Batting: RHB Dani Vázquez
|
0-0: Called Strike 0-1: Ball 1-1: Ball 2-1: Swinging Strike 2-2: Ball 3-2: Grounds into double play, 1-6-3 (Groundball, 15S)
|
Batting: LHB Jeff Daniels
|
0-0: Swinging Strike 0-1: Foul Ball, location: 2F 0-2: Ball 1-2: Foul Ball, location: 2F 1-2: Ball 2-2: Fly out, F8 (Flyball, 8RM)
|
Top of the 3rd over - 0 run(s), 1 hit(s), 0 error(s), 0 left on base; Portland 0 - Madison 1 |
BOTTOM OF THE 3RD |
Madison Bombers batting - Pitching for Portland Philospher Kings : LHP Allan Bader
|
Batting: RHB Quinton Martínez
|
0-0: Ball 1-0: Ball 2-0: SINGLE (Groundball, 56D)
|
Batting: LHB Keith Tillman
|
0-0: Ball 1-0: Ball 2-0: Foul Ball, location: 2F 2-1: SINGLE (Groundball, 34) Quinton Martínez to second Quinton Martínez to third
|
Batting: SHB Derek Roach
|
0-0: Called Strike 0-1: Ball 1-1: Ball 2-1: Ball 3-1: DOUBLE (Groundball, 5L) Quinton Martínez scores Keith Tillman to third Runner from 3rd tries for Home, throw and OUT!
|
Batting: RHB Sergio Márquez
|
0-0: Called Strike 0-1: Ball 1-1: Ball 2-1: Swinging Strike 2-2: Strikes out swinging
|
Batting: LHB Dave Williams
|
0-0: DOUBLE (Line Drive, 7LD) Derek Roach scores
|
Batting: SHB Michael McDonald
|
0-0: Swinging Strike 0-1: Ground out 4-3 (Groundball, 4)
|
Bottom of the 3rd over - 2 run(s), 4 hit(s), 0 error(s), 1 left on base; Portland 0 - Madison 3 |
TOP OF THE 4TH |
Portland Philospher Kings batting - Pitching for Madison Bombers : RHP Bartolo Romo
|
Batting: SHB José Alomar
|
0-0: Ball 1-0: Called Strike 1-1: Ball 2-1: Ball 3-1: Base on Balls
|
Batting: LHB Tom Blake
|
0-0: Swinging Strike 0-1: Ball 1-1: Foul Ball, location: 2F 1-2: Fly out, F8 (Flyball, 8LS)
|
Batting: LHB Paul Mullins
|
0-0: Foul Ball, location: 2F 0-1: Ball 1-1: DOUBLE (Line Drive, 78D) José Alomar to third
|
Batting: RHB Aaron Scott
|
0-0: Ground out 5-3 (Groundball, 5)
|
Batting: LHB Bill Bertrand
|
0-0: Ball 1-0: Ball 2-0: Ball 3-0: Called Strike 3-1: Foul Ball, location: 2F 3-2: Strikes out looking
|
Top of the 4th over - 0 run(s), 1 hit(s), 0 error(s), 2 left on base; Portland 0 - Madison 3 |
BOTTOM OF THE 4TH |
Madison Bombers batting - Pitching for Portland Philospher Kings : LHP Allan Bader
|
Batting: LHB José Santos
|
0-0: Called Strike 0-1: Ball 1-1: Ground out 4-3 (Groundball, 4M)
|
Batting: LHB Avery Hopkins
|
0-0: SINGLE (Groundball, 34S)
|
Batting: RHB Bailey Ramsey
|
0-0: Ball 1-0: SINGLE (Line Drive, 56D) Avery Hopkins to second Avery Hopkins to third
|
Batting: RHB Quinton Martínez
|
0-0: Called Strike 0-1: Ball 1-1: Grounds into double play, 5-4-3 (Groundball, 5L)
|
Bottom of the 4th over - 0 run(s), 2 hit(s), 0 error(s), 1 left on base; Portland 0 - Madison 3 |
TOP OF THE 5TH |
Portland Philospher Kings batting - Pitching for Madison Bombers : RHP Bartolo Romo
|
Batting: RHB Germán Rosales
|
0-0: Ball 1-0: Foul Ball, location: 2F 1-1: Foul Ball, location: 2F 1-2: Foul Ball, location: 2F 1-2: SINGLE (Flyball, 78S)
|
Batting: LHB Mike Young
|
0-0: Fly out, F7 (Flyball, 7LM)
|
Batting: RHB Dani Vázquez
|
0-0: Ground out U3 (Groundball, 3) Germán Rosales to second
|
Batting: LHB Jeff Daniels
|
0-0: Ball 1-0: Swinging Strike 1-1: Foul Ball, location: 2F 1-2: SINGLE (Line Drive, 89S) Germán Rosales to third
|
Batting: SHB José Alomar
|
0-0: Ball 1-0: Called Strike 1-1: Called Strike 1-2: Strikes out swinging
|
Top of the 5th over - 0 run(s), 2 hit(s), 0 error(s), 2 left on base; Portland 0 - Madison 3 |
BOTTOM OF THE 5TH |
Madison Bombers batting - Pitching for Portland Philospher Kings : LHP Allan Bader
|
Batting: LHB Keith Tillman
|
0-0: Ball 1-0: Fly out, F9 (Flyball, 9M)
|
Batting: SHB Derek Roach
|
0-0: Called Strike 0-1: Ball 1-1: Ball 2-1: Foul Ball, location: 2F 2-2: Foul Ball, location: 2F 2-2: SINGLE (Groundball, 6MD)
|
Batting: RHB Sergio Márquez
|
0-0: Called Strike 0-1: Ball 1-1: Ball 2-1: Ground out 2-3 (Groundball, 23) Derek Roach to second
|
Batting: LHB Dave Williams
|
0-0: Swinging Strike 0-1: Foul Ball, location: 2F 0-2: Ball 1-2: Fly out, F7 (Flyball, 7M)
|
Bottom of the 5th over - 0 run(s), 1 hit(s), 0 error(s), 1 left on base; Portland 0 - Madison 3 |
TOP OF THE 6TH |
Portland Philospher Kings batting - Pitching for Madison Bombers : RHP Bartolo Romo
|
Batting: LHB Tom Blake
|
0-0: Foul Ball, location: 2F 0-1: Called Strike 0-2: Ball 1-2: Ball 2-2: Ball 3-2: Foul Ball, location: 2F 3-2: SINGLE (Groundball, 4M)
|
Batting: LHB Paul Mullins
|
0-0: Ball 1-0: Ball 2-0: Ball 3-0: Base on Balls Tom Blake to second
|
Batting: RHB Aaron Scott
|
0-0: Called Strike 0-1: Grounds into double play, 4-6-3 (Groundball, 4) Tom Blake to third
|
Batting: LHB Bill Bertrand
|
0-0: Ball 1-0: Ground out 4-3 (Groundball, 4S)
|
Top of the 6th over - 0 run(s), 1 hit(s), 0 error(s), 1 left on base; Portland 0 - Madison 3 |
BOTTOM OF THE 6TH |
Madison Bombers batting - Pitching for Portland Philospher Kings : LHP Allan Bader
|
Batting: SHB Michael McDonald
|
0-0: SINGLE (Line Drive, 56D)
|
Batting: LHB José Santos
|
0-0: Ball 1-0: Grounds into double play, 1-6-3 (Groundball, 13S)
|
Batting: LHB Avery Hopkins
|
0-0: Called Strike 0-1: Ball 1-1: Called Strike 1-2: Ball 2-2: Ball 3-2: Strikes out swinging
|
Bottom of the 6th over - 0 run(s), 1 hit(s), 0 error(s), 0 left on base; Portland 0 - Madison 3 |
TOP OF THE 7TH |
Portland Philospher Kings batting - Pitching for Madison Bombers : RHP Bartolo Romo
|
Batting: RHB Germán Rosales
|
0-0: Swinging Strike 0-1: Foul Ball, location: 2F 0-2: Ground out 4-3 (Groundball, 4)
|
Batting: LHB Mike Young
|
0-0: Ball 1-0: Foul Ball, location: 2F 1-1: SINGLE (Line Drive, 4MD)
|
Pitching: RHP Manny Canseco
|
|
Batting: RHB Dani Vázquez
|
0-0: Called Strike 0-1: Swinging Strike 0-2: Ball 1-2: Ball 2-2: Fielders Choice at 2nd, 6-4 (Groundball, 6M)
|
Batting: LHB Jeff Daniels
|
0-0: Foul Ball, location: 2F 0-1: Ball 1-1: Foul Ball, location: 2F 1-2: Foul Ball, location: 2F 1-2: Ball 2-2: Foul Ball, location: 2F 2-2: Foul Ball, location: 2F 2-2: Ball 3-2: Strikes out looking
|
Top of the 7th over - 0 run(s), 1 hit(s), 0 error(s), 1 left on base; Portland 0 - Madison 3 |
BOTTOM OF THE 7TH |
Madison Bombers batting - Pitching for Portland Philospher Kings : LHP Allan Bader
|
Batting: RHB Bailey Ramsey
|
0-0: Called Strike 0-1: Ball 1-1: Ball 2-1: Foul Ball, location: 2F 2-2: SINGLE (Groundball, 4M)
|
Batting: RHB Quinton Martínez
|
0-0: Bunted foul 0-1: Sac Bunt - play at first, batter OUT! 2-4 Bailey Ramsey to second
|
Batting: LHB Keith Tillman
|
0-0: Called Strike 0-1: Ball 1-1: Fly out, F7 (Flyball, 7M)
|
Batting: SHB Derek Roach
|
0-0: Called Strike 0-1: Foul Ball, location: 2F 0-2: Ball 1-2: Fly out, F9 (Flyball, 9LM)
|
Bottom of the 7th over - 0 run(s), 1 hit(s), 0 error(s), 1 left on base; Portland 0 - Madison 3 |
TOP OF THE 8TH |
Portland Philospher Kings batting - Pitching for Madison Bombers : RHP Manny Canseco
|
Batting: SHB José Alomar
|
0-0: Foul Ball, location: 2F 0-1: Ball 1-1: Ball 2-1: Foul Ball, location: 2F 2-2: Foul Ball, location: 2F 2-2: Ball 3-2: DOUBLE (Line Drive, 7LS)
|
Pitching: RHP José Ruíz
|
|
Batting: LHB Tom Blake
|
0-0: Foul Ball, location: 2F 0-1: Called Strike 0-2: Fly out, F7 (Flyball, 7M)
|
Batting: LHB Paul Mullins
|
0-0: Ball 1-0: Ball 2-0: Ball 3-0: Called Strike 3-1: Base on Balls
|
Pitching: RHP José Lara
|
|
Batting: RHB Aaron Scott
|
0-0: Ball 1-0: Foul Ball, location: 2F 1-1: Swinging Strike 1-2: SINGLE (Line Drive, 6MD) José Alomar to third Paul Mullins to second
|
Pitching: LHP Tim Wilson
|
|
Batting: LHB Bill Bertrand
|
0-0: Ball 1-0: Ball 2-0: Called Strike 2-1: Foul Ball, location: 2F 2-2: Ball 3-2: Strikes out swinging
|
Pitching: RHP Alonso Gallardo
|
|
Batting: RHB Germán Rosales
|
0-0: Called Strike 0-1: Swinging Strike 0-2: Ball 1-2: Ball 2-2: Ball 3-2: Strikes out swinging
|
Top of the 8th over - 0 run(s), 2 hit(s), 0 error(s), 3 left on base; Portland 0 - Madison 3 |
BOTTOM OF THE 8TH |
Madison Bombers batting - Pitching for Portland Philospher Kings : LHP Allan Bader
|
Pitching: LHP Yu-shu Kong
|
|
Batting: RHB Sergio Márquez
|
0-0: Foul Ball, location: 2F 0-1: Foul Ball, location: 2F 0-2: Ball 1-2: Ball 2-2: Foul Ball, location: 2F 2-2: Ball 3-2: Strikes out swinging
|
Batting: LHB Dave Williams
|
0-0: Ball 1-0: Ground out 4-3 (Groundball, 4)
|
Batting: SHB Michael McDonald
|
0-0: Ground out 5-3 (Groundball, 56)
|
Bottom of the 8th over - 0 run(s), 0 hit(s), 0 error(s), 0 left on base; Portland 0 - Madison 3 |
TOP OF THE 9TH |
Portland Philospher Kings batting - Pitching for Madison Bombers : RHP Alonso Gallardo
|
Pitching: RHP Luis Cortéz
|
|
Batting: LHB Mike Young
|
0-0: Ball 1-0: Swinging Strike 1-1: Called Strike 1-2: Strikes out swinging
|
Batting: RHB Dani Vázquez
|
0-0: Ball 1-0: Ball 2-0: Foul Ball, location: 2F 2-1: Foul Ball, location: 2F 2-2: Foul Ball, location: 2F 2-2: Foul Ball, location: 2F 2-2: SOLO HOME RUN (Flyball, 7LD), Distance : 366 ft
|
Batting: LHB Jeff Daniels
|
0-0: Called Strike 0-1: Ball 1-1: Fly out, F7 (Flyball, 7S)
|
Batting: SHB José Alomar
|
0-0: Ball 1-0: Called Strike 1-1: Ball 2-1: Called Strike 2-2: Ground out U3 (Groundball, 3L)
|
Top of the 9th over - 1 run(s), 1 hit(s), 0 error(s), 0 left on base; Portland 1 - Madison 3 |
|